 Dungeon Crawl Stone Soup version 0.25.1-2-g60ff931df9 (webtiles) character file.

Game seed: 10720218143948480723

1669 Descartes the Blocker (level 9, -1/64 HPs)
             Began as a Formicid Fighter on Aug 2, 2020.
             Slain by Lidrolic's ghost (4 damage)
             ... on level 5 of the Dungeon.
             The game lasted 00:12:36 (7088 turns).

Descartes the Blocker (Formicid Fighter)            Turns: 7088, Time: 00:12:37

Health: -1/64      AC: 15    Str: 22    XL:     9   Next: 21%
Magic:  15/16      EV: 10    Int: 10    God:
Gold:   271        SH: 11    Dex: 10    Spells: 18/18 levels left

rFire    . . .     SeeInvis +   A - +0 great sword
rCold    . . .     Gourm    .   c - +0 kite shield
rNeg     + + +     Faith    .   i - +7 ring mail of the Valley {+Fly rN+++ MR- rCorr}
rPois    .         Spirit   .   (helmet unavailable)
rElec    .         Reflect  .   E - +0 cloak
rCorr    +         Harm     .   (no gloves)
MR       .....                  (no boots)
Stlth    ..........             (no amulet)
HPRegen  0.20/turn              (no ring)
MPRegen  0.15/turn              (no ring)

@: mighty
A: permanent stasis, dig shafts and tunnels, four strong arms, antennae 3
a: Dig, Shaft Self, Evoke Flight


You were on level 5 of the Dungeon.
You were not hungry.

You visited 2 branches of the dungeon, and saw 6 of its levels.

You collected 271 gold pieces.

Inventory:

Hand Weapons
 A - a +0 great sword (weapon)
Missiles
 a - 20 bolts
 g - 83 stones
 n - 38 sling bullets
 o - 107 arrows
 p - 5 boomerangs
 x - 18 poisoned darts (quivered)
Armour
 c - a +0 kite shield (worn)
 h - the +0 ring mail of Ennui {-Tele rElec Dex+7}
   (You found it on level 5 of the Dungeon)

   It affects your dexterity (+7).
   It insulates you from electricity.
   It prevents most forms of teleportation.
 i - the +7 ring mail of the Valley (worn) {+Fly rN+++ MR- rCorr}
   (You found it on level 5 of the Dungeon)

   It renders you almost immune to negative energy.
   It affects your resistance to hostile enchantments.
   It lets you fly.
   It provides partial protection from all sources of acid and corrosion.
 E - a +0 cloak (worn)
Wands
 v - a wand of iceblast (13)
Scrolls
 b - a scroll of amnesia
 m - 2 scrolls of magic mapping {unknown}
 r - a scroll of fog {unknown}
 w - a scroll of immolation {unknown}
 y - a scroll of enchant armour {unknown}
Potions
 d - a potion of might
 e - a potion of curing {unknown}
 j - a potion of berserk rage
 q - a potion of flight {unknown}
 s - a potion of lignification {unknown}
 t - 2 potions of cancellation
 u - 2 potions of magic {unknown}
 D - a potion of invisibility {unknown}
Comestibles
 f - 5 rations


   Skills:
 - Level 3.2 Fighting
 - Level 2.8 Long Blades
 + Level 8.1 Armour
 - Level 9.0 Shields
 - Level 5.0 Spellcasting


You had 18 spell levels left.
You didn't know any spells.
Your spell library was empty.

Dungeon Overview and Level Annotations

Branches:
Dungeon (5/15)             Temple (1/1) D:4

Altars:
Ashenzari
Elyvilon
Gozag
Kikubaaqudgha
Makhleb
Nemelex Xobeh
Okawaru
Ru
Sif Muna
Uskayaw
Vehumet
Wu Jian
Xom
Yredelemnul
Zin
The Shining One

Shops:
D:4 [

Annotations:
D:5 Lidrolic's ghost, amateur DEFi


Innate Abilities, Weirdness & Mutations

You cannot be hasted, slowed, berserked, paralysed or teleported.
You can dig through walls and to a lower floor.
Your four strong arms can wield two-handed weapons with a shield.
You have a pair of large antennae on your head. (SInv)


Message History

Lllmatko's ghost screams in joy, "As in life, so in death: Kill!
Kill!!
Kill!!!"
You block lllmatko's ghost's attack.
You slash lllmatko's ghost!
You destroy lllmatko's ghost!
Training target 5.0 for Spellcasting reached!
Your Armour skill increases to level 7!
Your Spellcasting skill increases to level 5!
You have reached level 9!
Your experience leads to an increase in your attributes!
Increase (S)trength, (I)ntelligence, or (D)exterity?
You feel clever.
You slice Doot's ghost!!
Doot's ghost is severely damaged.
Doot's ghost barely misses you.
Doot's ghost hits you but does no damage.
You slash Doot's ghost!
You destroy Doot's ghost!
Your Armour skill increases to level 8!
Lidrolic's ghost hits you.
You die...

.## ##..)).##
..## ##.......##
...####.....))..#
...+............#
...####.........#
..##...........##
.###.###......##
####.#
#.....#####
...#.###..####
#@## ##...##...#
##W# #)..##.#.#
#.## ##...##.#.#
##.# ...#.##.#.#
#.## ##.#......#
##.# #..###.###
#.## ##......#
##{# ...######
#.##


You could see Lidrolic's ghost.

Vanquished Creatures
  The ghost of lllmatko the Skirmisher, a novice MiBe of Trog (D:5)
  The ghost of luab the Basher, a novice GrFi (D:5)
  The ghost of Doot the Firebug, an amateur TeFE (D:5)
  An ogre (D:4)
  2 centaurs (D:5)
  A scorpion (D:4)
  A howler monkey (D:5)
  2 hounds (D:4)
  A jelly (D:5)
  2 bullfrog skeletons (D:4)
  2 orc wizards
  An iguana (D:4)
  2 worker ants (D:4)
  A hound zombie (D:5)
  A gnoll (D:1)
  6 adders
  3 oozes
  An adder zombie (D:5)
  An adder skeleton (D:5)
  4 worms
  A dart slug (D:2)
  4 leopard geckos
  13 orcs
  3 ball pythons
  17 giant cockroaches
  10 goblins
  11 hobgoblins
  9 jackals
  5 quokkas
  A ball python skeleton (D:4)
  7 bats
  8 frilled lizards
  8 kobolds
  A quokka zombie (D:5)
  5 rats
  A spectral orc (D:4)
  9 plants (D:1)
148 creatures vanquished.

Notes
Turn   | Place    | Note
-------+----------+-------------------------------------------
     0 | D:1      | Descartes the Formicid Fighter began the quest for the Orb.
     0 | D:1      | Reached XP level 1. HP: 18/18 MP: 1/1
    80 | D:1      | Reached skill level 4 in Shields
    80 | D:1      | Reached XP level 2. HP: 17/24 MP: 2/2
   333 | D:1      | Reached XP level 3. HP: 29/29 MP: 3/3
   621 | D:1      | Reached skill level 5 in Shields
  1733 | D:2      | Found an opulent altar of Gozag.
  1739 | D:2      | Reached XP level 4. HP: 33/35 MP: 4/4
  1914 | D:2      | Reached skill level 6 in Shields
  2130 | D:2      | Found a sparkling altar of Nemelex Xobeh.
  2643 | D:2      | Reached XP level 5. HP: 40/41 MP: 5/5
  3720 | D:3      | Found an iron altar of Okawaru.
  3954 | D:4      | Reached skill level 7 in Shields
  3963 | D:4      | Found a basalt altar of Yredelemnul.
  3990 | D:4      | Reached XP level 6. HP: 47/47 MP: 6/6
  4089 | D:4      | HP: 2/47 [poisoned by a scorpion]
  4296 | D:4      | Reached skill level 8 in Shields
  4580 | D:4      | Noticed an ogre
  4600 | D:4      | Killed an ogre
  4600 | D:4      | Reached XP level 7. HP: 11/52 MP: 7/7
  5083 | D:4      | Found a staircase to the Ecumenical Temple.
  5087 | D:4      | Reached skill level 9 in Shields
  5146 | Temple   | Entered the Ecumenical Temple
  5619 | D:4      | Found a sacrificial altar of Ru.
  5645 | D:4      | Found an ancient bone altar of Kikubaaqudgha.
  5819 | D:4      | Found Gettamy's Armour Shoppe.
  5899 | D:5      | Entered Level 5 of the Dungeon
  5941 | D:5      | Reached skill level 1 in Spellcasting
  6152 | D:5      | Found a burning altar of Makhleb.
  6164 | D:5      | Reached XP level 8. HP: 33/58 MP: 9/11
  6405 | D:5      | Reached skill level 5 in Armour
  6561 | D:5      | Got a brightly glowing ring mail
  6572 | D:5      | Identified the +0 ring mail of Ennui {-Tele rElec Dex+7}
                  | (You found it on level 5 of the Dungeon)
  6770 | D:5      | Found an opulent altar of Gozag.
  7001 | D:5      | Got a distressingly furry ring mail
  7012 | D:5      | Identified the +7 ring mail of the Valley {+Fly rN+++ MR-
                  | rCorr} (You found it on level 5 of the Dungeon)
  7013 | D:5      | Found a runed translucent gate.
  7013 | D:5      | Found a runed translucent gate.
  7013 | D:5      | Found a runed translucent gate.
  7013 | D:5      | Noticed luab's ghost (novice GrFi)
  7014 | D:5      | Noticed Lidrolic's ghost (amateur DEFi)
  7014 | D:5      | Noticed Doot's ghost (amateur TeFE)
  7014 | D:5      | Noticed lllmatko's ghost (novice MiBe)
  7068 | D:5      | HP: 1/58 [luab's ghost (12)]
  7075 | D:5      | Killed luab's ghost
  7083 | D:5      | HP: 1/58 [lllmatko's ghost (9)]
  7086 | D:5      | Killed lllmatko's ghost
  7086 | D:5      | Reached skill level 5 in Spellcasting
  7086 | D:5      | Reached XP level 9. HP: 2/64 MP: 14/16
  7088 | D:5      | Killed Doot's ghost
  7088 | D:5      | Slain by Lidrolic's ghost

Illustrated notes

Levels and vault maps discovered:
D:1:      roderic_crop_circles_arrival_small, layout_basic
D:2:      layout_basic, lemuel_crystal_altar, first_ration, nemelex_altar_shiori
D:3:      minmay_roachtagon, layout_basic, okawaru_gym_becter,
          minmay_misc_feat_rows
D:4:      layout_basic, overflow_temple_1_default, kennysheep_mini,
          yredelemnul_forgotten_temple_becter, minmay_temple_entry_trees,
          serial_shops, kennysheep_little_box, feat_on_display
D:5:      layout_loops_corners, lemuel_doored_altar, gammafunk_ghost_cemetery,
          palyth_stone_intersect, grunt_gozag_statues
Temple:   nicolae_temple_figure_zero

Skill      XL: |  1  2  3  4  5  6  7  8  9 |
---------------+----------------------------+-----
Shields        | 4 5 6 7 8 9 |  9.0
Armour         | 4 7 8 |  8.1
Spellcasting   | 2 5 |  5.0
Fighting       | |  3.2
Long Blades    | |  2.8

Action                   |  1- 3 |  4- 6 |  7- 9 || total
-------------------------+-------+-------+-------++-------
Melee: Long sword        |   386 |   198 |       ||   584
       Great sword       |       |    79 |   146 ||   225
Throw: Dart              |       |       |     6 ||     6
 Abil: Dig               |       |       |     4 ||     4
  Use: Scroll            |       |     2 |     5 ||     7
       Potion            |       |     1 |     5 ||     6
  Eat: Chunk             |     4 |     9 |     7 ||    20
       Ration            |       |       |     1 ||     1
Armor: Scale mail        |    38 |   114 |    48 ||   200
       Ring mail         |       |       |    15 ||    15
Dodge: Dodged            |    33 |   136 |    62 ||   231
Block: Kite shield       |    77 |   215 |   116 ||   408
       Rpst.: Long sword |     6 |    22 |       ||    28
       Great sword       |       |    13 |    23 ||    36
